TOP OF THE 1ST |
Tennessee Smokies batting - Pitching for Columbia Fireflies : RHP Mike Mojica
|
Pitching: RHP Mike Mojica
|
|
Batting: LHB Nate Greening
|
0-0: Foul Ball, location: 2F 0-1: Ball 1-1: Called Strike 1-2: SINGLE (Groundball, 56D, EV 98.1 MPH)
|
Batting: RHB Du Kim
|
0-0: Ball 1-0: SINGLE (Line Drive, 4D, EV 108.8 MPH) Nate Greening to second
|
Batting: RHB Ricky Ramirez
|
0-0: Ball 1-0: Called Strike 1-1: Ball 2-1: 3-RUN HOME RUN (Flyball, 7D, EV 96.9 MPH), Distance : 367 ft
|
Batting: LHB Daigo Ishii
|
0-0: Called Strike 0-1: Foul Ball, location: 2F 0-2: Ball 1-2: Fly out, F9 (Line Drive, 9, EV 103.1 MPH)
|
Batting: RHB Juan Bonilla
|
0-0: Swinging Strike 0-1: Called Strike 0-2: Foul Ball, location: 2F 0-2: Foul Ball, location: 2F 0-2: Foul Ball, location: 2F 0-2: Foul Ball, location: 2F 0-2: Ball 1-2: Ball 2-2: Foul Ball, location: 2F 2-2: Ground out 5-3 (Groundball, 5, EV 88.1 MPH)
|
Batting: RHB Armando Vilano
|
0-0: Foul Ball, location: 2F 0-1: Ball 1-1: Ball 2-1: Foul Ball, location: 2F 2-2: Ball 3-2: Strikes out looking
|
Top of the 1st over - 3 runs, 3 hits, 0 errors, 0 left on base; Tennessee 3 - Columbia 0 |
BOTTOM OF THE 1ST |
Columbia Fireflies batting - Pitching for Tennessee Smokies : RHP Roberto Cruz
|
Pitching: RHP Roberto Cruz
|
|
Batting: SHB Detlef Oursler
|
0-0: Foul Ball, location: 2F 0-1: Ball 1-1: Foul Ball, location: 2F 1-2: Strikes out swinging
|
Batting: LHB Dan Bremseth
|
0-0: Ball 1-0: DOUBLE (Line Drive, 78D, EV 100.6 MPH)
|
Batting: RHB Nate Henderson
|
0-0: Ball 1-0: Foul Ball, location: 2F 1-1: Ground out U3 (Groundball, 34S, EV 80.6 MPH) Dan Bremseth to third
|
Batting: LHB Bayesa Mundhir
|
0-0: Ball 1-0: Foul Ball, location: 2F 1-1: Ground out 5-3 (Groundball, 5L, EV 87.5 MPH)
|
Bottom of the 1st over - 0 runs, 1 hit, 0 errors, 1 left on base; Tennessee 3 - Columbia 0 |
TOP OF THE 2ND |
Tennessee Smokies batting - Pitching for Columbia Fireflies : RHP Mike Mojica
|
Batting: RHB Taylor Garofalo
|
0-0: Ball 1-0: Called Strike 1-1: Ball 2-1: DOUBLE (Groundball, 5L, EV 98.1 MPH)
|
Batting: RHB Roy Battist
|
0-0: Called Strike 0-1: Ball 1-1: Foul Ball, location: 2F 1-2: Fly out, F8 (Flyball, 8LD, EV 91.2 MPH)
|
Batting: RHB Dylan Burke
|
0-0: Called Strike 0-1: DOUBLE (Line Drive, 9LS, EV 104.4 MPH) Taylor Garofalo scores
|
Batting: LHB Nate Greening
|
0-0: Ball 1-0: Foul Ball, location: 2F 1-1: Fly out, F7 (Flyball, 7, EV 93.1 MPH)
|
Batting: RHB Du Kim
|
0-0: Ball 1-0: Called Strike 1-1: Foul Ball, location: 2F 1-2: Strikes out swinging
|
Top of the 2nd over - 1 run, 2 hits, 0 errors, 1 left on base; Tennessee 4 - Columbia 0 |
BOTTOM OF THE 2ND |
Columbia Fireflies batting - Pitching for Tennessee Smokies : RHP Roberto Cruz
|
Batting: RHB Masaya Nakamura
|
0-0: Ball 1-0: Fly out, F8 (Line Drive, 8RD, EV 85.6 MPH)
|
Batting: SHB Jason Evans
|
0-0: Ball 1-0: Foul Ball, location: 2F 1-1: Swinging Strike 1-2: Fly out, F3 (Line Drive, 3L, EV 68.8 MPH)
|
Batting: RHB Larry Shoop
|
0-0: Ball 1-0: Called Strike 1-1: Swinging Strike 1-2: Strikes out looking
|
Bottom of the 2nd over - 0 runs, 0 hits, 0 errors, 0 left on base; Tennessee 4 - Columbia 0 |
TOP OF THE 3RD |
Tennessee Smokies batting - Pitching for Columbia Fireflies : RHP Mike Mojica
|
Batting: RHB Ricky Ramirez
|
0-0: Ball 1-0: Foul Ball, location: 2F 1-1: Ball 2-1: Swinging Strike 2-2: Fly out, F6 (Popup, 6, EV 71.9 MPH)
|
Batting: LHB Daigo Ishii
|
0-0: Ball 1-0: Ground out 5-3 (Groundball, 5, EV 90.0 MPH)
|
Batting: RHB Juan Bonilla
|
0-0: Fly out, F9 (Flyball, 9LM, EV 90.0 MPH)
|
Top of the 3rd over - 0 runs, 0 hits, 0 errors, 0 left on base; Tennessee 4 - Columbia 0 |
BOTTOM OF THE 3RD |
Columbia Fireflies batting - Pitching for Tennessee Smokies : RHP Roberto Cruz
|
Batting: RHB Gary Hills
|
0-0: Ball 1-0: Ground out 4-3 (Groundball, 34, EV 110.0 MPH)
|
Batting: RHB Reginald McDougall
|
0-0: Foul Ball, location: 2F 0-1: Foul Ball, location: 2F 0-2: Strikes out swinging
|
Batting: SHB Detlef Oursler
|
0-0: Called Strike 0-1: Ball 1-1: Called Strike 1-2: Strikes out swinging
|
Bottom of the 3rd over - 0 runs, 0 hits, 0 errors, 0 left on base; Tennessee 4 - Columbia 0 |
TOP OF THE 4TH |
Tennessee Smokies batting - Pitching for Columbia Fireflies : RHP Mike Mojica
|
Batting: RHB Armando Vilano
|
0-0: Foul Ball, location: 2F 0-1: Ball 1-1: Foul Ball, location: 2F 1-2: Foul Ball, location: 2F 1-2: Ground out 1-3 (Groundball, 13, EV 70.0 MPH)
|
Batting: RHB Taylor Garofalo
|
0-0: Ground out 5-3 (Groundball, 56, EV 93.1 MPH)
|
Batting: RHB Roy Battist
|
0-0: Fly out, F3 (Popup, 34, EV 60.0 MPH)
|
Top of the 4th over - 0 runs, 0 hits, 0 errors, 0 left on base; Tennessee 4 - Columbia 0 |
BOTTOM OF THE 4TH |
Columbia Fireflies batting - Pitching for Tennessee Smokies : RHP Roberto Cruz
|
Batting: LHB Dan Bremseth
|
0-0: Ball 1-0: Foul Ball, location: 2F 1-1: Ball 2-1: Swinging Strike 2-2: Strikes out swinging
|
Batting: RHB Nate Henderson
|
0-0: Foul Ball, location: 2F 0-1: Ball 1-1: SOLO HOME RUN (Flyball, 7D, EV 96.2 MPH), Distance : 380 ft
|
Batting: LHB Bayesa Mundhir
|
0-0: Called Strike 0-1: Foul Ball, location: 2F 0-2: Strikes out looking
|
Batting: RHB Masaya Nakamura
|
0-0: Ball 1-0: SOLO HOME RUN (Flyball, 78XD, EV 97.5 MPH), Distance : 403 ft
|
Batting: SHB Jason Evans
|
0-0: Foul Ball, location: 2F 0-1: Ball 1-1: SINGLE (Line Drive, 56, EV 95.6 MPH)
|
Batting: RHB Larry Shoop
|
0-0: Ball 1-0: Ball 2-0: Called Strike 2-1: Foul Ball, location: 2F 2-2: Fly out, F4 (Popup, 3, EV 66.9 MPH)
|
Bottom of the 4th over - 2 runs, 3 hits, 0 errors, 1 left on base; Tennessee 4 - Columbia 2 |
TOP OF THE 5TH |
Tennessee Smokies batting - Pitching for Columbia Fireflies : RHP Mike Mojica
|
Batting: RHB Dylan Burke
|
0-0: Foul Ball, location: 2F 0-1: Called Strike 0-2: Ball 1-2: Ball 2-2: Strikes out swinging
|
Batting: LHB Nate Greening
|
0-0: Ball 1-0: Called Strike 1-1: Ball 2-1: Ground out 6-3 (Groundball, 4MD, EV 83.1 MPH)
|
Batting: RHB Du Kim
|
0-0: Foul Ball, location: 2F 0-1: Ball 1-1: Ball 2-1: Swinging Strike 2-2: Ground out 4-3 (Groundball, 4S, EV 87.5 MPH)
|
Top of the 5th over - 0 runs, 0 hits, 0 errors, 0 left on base; Tennessee 4 - Columbia 2 |
BOTTOM OF THE 5TH |
Columbia Fireflies batting - Pitching for Tennessee Smokies : RHP Roberto Cruz
|
Pitching: LHP Ricardo Saucedo
|
|
Batting: RHB Gary Hills
|
0-0: Called Strike 0-1: Foul Ball, location: 2F 0-2: Ground out 6-3 (Groundball, 6, EV 108.8 MPH)
|
Batting: RHB Reginald McDougall
|
0-0: Foul Ball, location: 2F 0-1: Ball 1-1: Ball 2-1: Ball 3-1: Called Strike 3-2: Ground out 4-3 (Groundball, 4M, EV 82.5 MPH)
|
Batting: SHB Detlef Oursler
|
0-0: Called Strike 0-1: Ball 1-1: Called Strike 1-2: Ball 2-2: Ground out 3-1 (Groundball, 34S, EV 89.4 MPH)
|
Bottom of the 5th over - 0 runs, 0 hits, 0 errors, 0 left on base; Tennessee 4 - Columbia 2 |
TOP OF THE 6TH |
Tennessee Smokies batting - Pitching for Columbia Fireflies : RHP Mike Mojica
|
Batting: RHB Ricky Ramirez
|
0-0: Called Strike 0-1: Ball 1-1: Ball 2-1: Foul Ball, location: 2F 2-2: Ball 3-2: Foul Ball, location: 2F 3-2: Strikes out swinging
|
Batting: LHB Daigo Ishii
|
0-0: Ball 1-0: Ball 2-0: Foul Ball, location: 2F 2-1: Foul Ball, location: 2F 2-2: Hit by Pitch
|
Batting: RHB Juan Bonilla
|
0-0: Called Strike 0-1: Ball 1-1: DOUBLE (Line Drive, 3D, EV 98.8 MPH) Daigo Ishii to third
|
Batting: RHB Armando Vilano
|
0-0: Foul Ball, location: 2F 0-1: Foul Ball, location: 2F 0-2: Ball 1-2: Ground out 6-3 (Groundball, 6D, EV 91.2 MPH) Daigo Ishii scores
|
Pitching: RHP Jose Esquibel
|
|
Batting: RHB Taylor Garofalo
|
0-0: Ball 1-0: Ball 2-0: Ball 3-0: Called Strike 3-1: Ground out 4-3 (Groundball, 4, EV 85.0 MPH)
|
Top of the 6th over - 1 run, 1 hit, 0 errors, 1 left on base; Tennessee 5 - Columbia 2 |
BOTTOM OF THE 6TH |
Columbia Fireflies batting - Pitching for Tennessee Smokies : LHP Ricardo Saucedo
|
Batting: LHB Dan Bremseth
|
0-0: Ball 1-0: Ball 2-0: Fly out, F7 (Flyball, 7S, EV 77.5 MPH)
|
Batting: RHB Nate Henderson
|
0-0: Called Strike 0-1: Swinging Strike 0-2: Foul Ball, location: 2F 0-2: Ball 1-2: Ball 2-2: Strikes out swinging
|
Batting: LHB Bayesa Mundhir
|
0-0: Called Strike 0-1: SINGLE (Groundball, 34D, EV 99.4 MPH)
|
Batting: RHB Masaya Nakamura
|
0-0: Ball 1-0: Ball 2-0: Ball 3-0: Called Strike 3-1: Foul Ball, location: 2F 3-2: Foul Ball, location: 2F 3-2: Strikes out swinging
|
Bottom of the 6th over - 0 runs, 1 hit, 0 errors, 1 left on base; Tennessee 5 - Columbia 2 |
TOP OF THE 7TH |
Tennessee Smokies batting - Pitching for Columbia Fireflies : RHP Jose Esquibel
|
Batting: RHB Roy Battist
|
0-0: Swinging Strike 0-1: Called Strike 0-2: Ball 1-2: Ball 2-2: Ball 3-2: Fly out, F8 (Flyball, 8RD, EV 98.8 MPH)
|
Batting: RHB Dylan Burke
|
0-0: Called Strike 0-1: Foul Ball, location: 2F 0-2: Ball 1-2: Ball 2-2: Foul Ball, location: 2F 2-2: Foul Ball, location: 2F 2-2: Foul Ball, location: 2F 2-2: Strikes out swinging
|
Batting: LHB Nate Greening
|
0-0: Fly out, F8 (Flyball, 8RM, EV 83.1 MPH)
|
Top of the 7th over - 0 runs, 0 hits, 0 errors, 0 left on base; Tennessee 5 - Columbia 2 |
BOTTOM OF THE 7TH |
Columbia Fireflies batting - Pitching for Tennessee Smokies : LHP Ricardo Saucedo
|
Pitching: RHP Bogdan Sdobnyakov
|
|
Batting: SHB Jason Evans
|
0-0: Ball 1-0: Ball 2-0: Ball 3-0: Called Strike 3-1: Called Strike 3-2: Fly out, F3 (Popup, 3SF, EV 81.9 MPH)
|
Batting: RHB Larry Shoop
|
0-0: Foul Ball, location: 2F 0-1: Ball 1-1: Ball 2-1: Ball 3-1: Base on Balls
|
Batting: RHB Gary Hills
|
0-0: Ball Larry Shoop steals 2nd base 1-0: Called Strike 1-1: Foul Ball, location: 2F 1-2: Ball 2-2: Fly out, F8 (Flyball, 89M, EV 82.5 MPH)
|
Batting: RHB Reginald McDougall
|
0-0: Ball 1-0: Called Strike 1-1: Ball 2-1: Ball 3-1: Called Strike 3-2: Foul Ball, location: 2F 3-2: Fly out, F4 (Line Drive, 4, EV 66.2 MPH)
|
Bottom of the 7th over - 0 runs, 0 hits, 0 errors, 1 left on base; Tennessee 5 - Columbia 2 |
TOP OF THE 8TH |
Tennessee Smokies batting - Pitching for Columbia Fireflies : RHP Jose Esquibel
|
Batting: RHB Du Kim
|
0-0: Hit by Pitch
|
Batting: RHB Ricky Ramirez
|
0-0: Ball Du Kim steals 2nd, throwing error, E2 Du Kim to third 1-0: Foul Ball, location: 2F 1-1: DOUBLE (Line Drive, 78XD, EV 107.5 MPH) Du Kim scores
|
Batting: LHB Daigo Ishii
|
0-0: Ball 1-0: Foul Ball, location: 2F 1-1: Ball 2-1: Foul Ball, location: 2F 2-2: Foul Ball, location: 2F 2-2: Foul Ball, location: 2F 2-2: Ground out 4-3 (Groundball, 34D, EV 100.6 MPH) Ricky Ramirez to third
|
Batting: RHB Juan Bonilla
|
0-0: Ball 1-0: Fly out, F2 (Popup, 3SF, EV 71.2 MPH)
|
Batting: RHB Armando Vilano
|
0-0: Ball 1-0: Called Strike 1-1: Ground out U3 (Groundball, 3, EV 86.2 MPH)
|
Top of the 8th over - 1 run, 1 hit, 1 error, 1 left on base; Tennessee 6 - Columbia 2 |
BOTTOM OF THE 8TH |
Columbia Fireflies batting - Pitching for Tennessee Smokies : RHP Bogdan Sdobnyakov
|
Pitching: RHP Jose Ramirez
|
|
Batting: SHB Detlef Oursler
|
0-0: Ball 1-0: Called Strike 1-1: Foul Ball, location: 2F 1-2: Ball 2-2: Foul Ball, location: 2F 2-2: Ball 3-2: Strikes out swinging
|
Batting: LHB Dan Bremseth
|
0-0: Hit by Pitch
|
Pinch Runner at 1st Miguel Ramos:
|
|
Batting: RHB Nate Henderson
|
0-0: Called Strike 0-1: Ball 1-1: Swinging Strike 1-2: SINGLE (Groundball, 4MD, EV 105.0 MPH) Miguel Ramos to second Runner from 2nd tries for 3rd, SAFE, throw by CF made to third
|
Batting: LHB Bayesa Mundhir
|
0-0: Called Strike 0-1: Called Strike 0-2: Ball 1-2: Foul Ball, location: 2F 1-2: Foul Ball, location: 2F 1-2: Ball 2-2: Ball 3-2: Base on Balls Nate Henderson to second
|
Pitching: RHP Velimir Sljivancanin
|
|
Batting: RHB Masaya Nakamura
|
0-0: Ball 1-0: Foul Ball, location: 2F 1-1: Ball 2-1: Grounds into double play, 4-6-3 (Groundball, 4, EV 84.4 MPH)
|
Bottom of the 8th over - 0 runs, 1 hit, 0 errors, 2 left on base; Tennessee 6 - Columbia 2 |
TOP OF THE 9TH |
Tennessee Smokies batting - Pitching for Columbia Fireflies : RHP Jose Esquibel
|
Pitching: RHP Geoff McDaniel
|
|
Now in LF: Larry Shoop
|
|
Now in RF: Miguel Ramos
|
|
Batting: RHB Taylor Garofalo
|
0-0: SINGLE (Line Drive, 4D, EV 95.0 MPH)
|
Batting: RHB Roy Battist
|
0-0: Bunted foul 0-1: Bunt missed! 0-2: Strikes out looking
|
Batting: RHB Dylan Burke
|
0-0: Called Strike 0-1: Foul Ball, location: 2F 0-2: Foul Ball, location: 2F 0-2: Ball 1-2: SINGLE (Groundball, 6MD, EV 94.4 MPH) Taylor Garofalo to second
|
Batting: LHB Nate Greening
|
0-0: Called Strike 0-1: Ball 1-1: Foul Ball, location: 2F 1-2: Foul Ball, location: 2F 1-2: Ball 2-2: Foul Ball, location: 2F 2-2: Ball 3-2: TRIPLE (Flyball, 89XD, EV 98.8 MPH) Taylor Garofalo scores Dylan Burke scores
|
Batting: RHB Du Kim
|
0-0: Ball 1-0: Swinging Strike 1-1: Foul Ball, location: 2F 1-2: Foul Ball, location: 2F 1-2: Strikes out looking
|
Batting: RHB Ricky Ramirez
|
0-0: Swinging Strike 0-1: Foul Ball, location: 2F 0-2: Ball 1-2: Ball 2-2: Foul Ball, location: 2F 2-2: Foul Ball, location: 2F 2-2: Foul Ball, location: 2F 2-2: Ball 3-2: SINGLE (Line Drive, 56, EV 99.4 MPH) Nate Greening scores
|
Batting: LHB Daigo Ishii
|
0-0: SINGLE (Groundball, 5D, EV 98.8 MPH) Ricky Ramirez to second
|
Batting: RHB Juan Bonilla
|
0-0: Called Strike 0-1: Ball 1-1: Fly out, F9 (Flyball, 9D, EV 86.9 MPH)
|
Top of the 9th over - 3 runs, 5 hits, 0 errors, 2 left on base; Tennessee 9 - Columbia 2 |
BOTTOM OF THE 9TH |
Columbia Fireflies batting - Pitching for Tennessee Smokies : RHP Velimir Sljivancanin
|
Batting: SHB Jason Evans
|
0-0: Fly out, F8 (Flyball, 8RD, EV 91.9 MPH)
|
Batting: RHB Larry Shoop
|
0-0: Called Strike 0-1: Ball 1-1: Foul Ball, location: 2F 1-2: Ball 2-2: Foul Ball, location: 2F 2-2: Strikes out swinging
|
Batting: RHB Gary Hills
|
0-0: Swinging Strike 0-1: Called Strike 0-2: Ball 1-2: Strikes out swinging
|
Bottom of the 9th over - 0 runs, 0 hits, 0 errors, 0 left on base; Tennessee 9 - Columbia 2 |
|